 Dungeon Crawl Stone Soup version 0.21.0-3-g78d12a8 (webtiles) character file.

171616 robertstho the Executioner (level 17, -1/168 HPs)
             Began as a Minotaur Berserker on Jan 17, 2018.
             Was a High Priest of Trog.
             Shot with an arrow by a deep elf archer (25 damage)
             ... on level 2 of the Elven Halls.
             The game lasted 01:32:29 (28966 turns).

robertstho the Executioner (Minotaur Berserker)    Turns: 28966, Time: 01:32:29

Health: -1/168     AC: 28    Str: 31    XL:     17   Next: 39%
Magic:  26/26      EV: 13    Int: 16    God:    Trog [*****.]
Gold:   2425       SH:  2    Dex: 18    Spells: 16/16 levels left

rFire    . . .     SeeInvis .   C - +11 battleaxe of Plunder {distort, +Rage Int+7 Dex+5}
rCold    . . .     Gourm    .   (shield currently unavailable)
rNeg     + . .     Faith    .   Z - +7 chain mail "Fassaups" {rN+ Str+2 Stlth-}
rPois    +         Spirit   .   R - +3 hat of Pondering {ponderous, MR+ MP+10 Int+5}
rElec    .         Reflect  +   y - +1 cloak
rCorr    .         Harm     .   S - +1 pair of gloves
MR       ++++.                  (no boots)
Stlth    ..........             u - +2 amulet of reflection
HPRegen  1.38/turn              U - ring of poison resistance
MPRegen  0.20/turn              t - +3 ring of strength

@: berserk cooldown, starving, regenerating, slowed, very slow
A: retaliatory headbutt, horns 2
a: Berserk, Trog's Hand, Brothers in Arms, Burn Spellbooks, Renounce Religion,
Evoke Berserk Rage


You were on level 2 of the Elven Halls.
You worshipped Trog.
Trog was extremely pleased with you.
You were starving.

You visited 6 branches of the dungeon, and saw 28 of its levels.
You also visited: Ice Cave.

You collected 3188 gold pieces.
You spent 763 gold pieces at shops.

Inventory:

Hand Weapons
 d - a +0 hand crossbow
 z - the +14 obsidian axe {chop, +Fly SInv *Curse}
   (Trog gifted it to you on level 2 of the Elven Halls)

   It inflicts extra damage upon your enemies.
   It lets you see invisible.
   It lets you fly.
   It curses itself when equipped.
 A - a +9 executioner's axe of chopping
 C - the +11 battleaxe of Plunder (weapon) {distort, +Rage Int+7 Dex+5}
   (Trog gifted it to you on level 2 of the Elven Halls)

   It warps and distorts space around it.
   Unwielding it can cause banishment or high damage.
   It affects your intelligence (+7).
   It affects your dexterity (+5).
   It lets you go berserk.
 H - a +2 war axe of flaming
 X - the +9 war axe of Ynyin {elec, Dex+2}
   (You found it on level 6 of the Lair of Beasts)

   Occasionally, upon striking a foe, it will discharge some electrical energy
   and cause terrible harm.
   It affects your dexterity (+2).
Missiles
 h - 242 sling bullets
 n - 176 bolts
 L - 2 javelins of penetration (quivered)
Armour
 y - a +1 cloak (worn)
 D - a +0 large shield
 R - the +3 hat of Pondering (worn) {ponderous, MR+ MP+10 Int+5}
   (You took it off Gastronok on level 10 of the Dungeon)

   It affects your intelligence (+5).
   It affects your resistance to hostile enchantments.
   It affects your magic capacity (+10).
 S - a +1 pair of gloves (worn)
 Z - the +7 chain mail "Fassaups" (worn) {rN+ Str+2 Stlth-}
   (You found it on level 5 of the Lair of Beasts)

   It affects your strength (+2).
   It protects you from negative energy.
   It makes you less stealthy.
Jewellery
 f - an uncursed ring of ice
 i - an uncursed ring of fire
 s - an uncursed ring of resist corrosion
 t - a +3 ring of strength (right hand)
 u - a +2 amulet of reflection (around neck)
 G - an uncursed ring of ice
 P - the ring of the Present {+Inv rN+ SInv}
   (You acquired it on level 2 of the Orcish Mines)

   [ring of positive energy]

   It protects you from negative energy.
   It lets you see invisible.
   It lets you turn invisible.
 T - an uncursed ring of protection from fire
 U - a ring of poison resistance (left hand)
 Y - an uncursed ring of flight
Wands
 l - a wand of clouds (6)
 r - a wand of iceblast (34)
 E - a wand of digging (12)
 F - a wand of acid (25)
 K - a wand of disintegration (31)
 N - a wand of paralysis (14)
 V - a wand of enslavement (12)
 W - a wand of polymorph (10)
Scrolls
 b - 7 scrolls of identify
 e - 8 scrolls of teleportation
 g - a scroll of silence
 q - a scroll of fog
 w - 13 scrolls of remove curse
 x - a scroll of blinking
 B - 2 scrolls of enchant armour
 I - 5 scrolls of holy word
 J - 10 scrolls of magic mapping
Potions
 j - 4 potions of flight
 k - 6 potions of might
 m - 4 potions of haste
 o - 2 potions of resistance
 v - 2 potions of agility
 Q - a potion of ambrosia
Miscellaneous
 O - a lamp of fire
Comestibles
 c - 22 rations


   Skills:
 * Level 19.3 Fighting
 * Level 24.6 Axes
 + Level 13.7 Armour
 + Level 5.4 Dodging
 + Level 2.0 Stealth
 + Level 7.3 Shields


You had 16 spell levels left.
You didn't know any spells.

Dungeon Overview and Level Annotations

Branches:
Dungeon (15/15)            Temple (0/1) D:7            Lair (6/6) D:10
 Shoals (2/4) Lair:3        Snake (1/4) Lair:3        Slime (0/5) Lair:6
    Orc (2/2) D:10            Elf (2/3) Orc:2        Vaults (0/5) D:14
 Depths (0/5) D:15

Altars:
Ashenzari
Dithmenos
Kikubaaqudgha
Ru
Trog
Vehumet
Wu Jian
Xom
Yredelemnul
Zin
The Shining One
Beogh

Shops:
D:6 (   D:10 *   D:14 *   D:15 %   Orc:2 =:%?

Annotations:
Elf:2 5 runed doors


Innate Abilities, Weirdness & Mutations

You reflexively headbutt those who attack you in melee.
You have a pair of horns on your head.


Message History

The deep elf archer shoots an arrow.
The arrow hits you!
* * * LOW HITPOINT WARNING * * *
The deep elf archer hits you but does no damage.
You feel better. The deep elf archer barely misses you.
The deep elf archer shoots an arrow.
The arrow hits you!
* * * LOW HITPOINT WARNING * * *
Your deep troll rages.
The deep elf archer closely misses you. You furiously retaliate!
You headbutt the deep elf archer!
Your skin crawls.
You feel resistant to hostile enchantments.
You feel somewhat more hungry.
You are starving!
Your deep troll completely misses the deep elf archer.
Your deep troll claws the deep elf archer!! x2
The deep elf archer dies!
Trog accepts your kill.
Trog appreciates your killing of a magic user.
The deep elf archer shoots an arrow.
The arrow hits you!!
You die...

##....## #......##
#.......#############
#..ee....+...........
#........#>####..####
#..()..##.# #..#
#>(..# #.# #..#
##(.## #.# ##''##
#@T# #.###....## #).#
#.##...(..##
#..####.#........#
#(.(....#.........
###....<'.........
#..####......... #..#
#......... #..#
###........ #..#
#..........


You could see 2 deep elf archers and a friendly deep troll (berserk).

Vanquished Creatures
  Rupert (Orc:2)
  Gastronok (D:10)
  Kirke (Shoals:2)
  A nagaraja (Snake:1)
  Roxanne (Elf:1)
  2 deep elf sorcerers (Elf:2)
  Aizul (Shoals:1)
  Nessos (D:13)
  A deep elf death mage (Elf:1)
  A deep elf high priest (Elf:1)
  A fire dragon (D:15)
  Fannar (D:10)
  A yaktaur captain (D:12)
  An ice dragon (D:15)
  3 naga warriors (Snake:1)
  Harold (Lair:2)
  7 hydras
  A merfolk avatar (Shoals:1)
  4 centaur warriors
  2 catoblepae
  An ogre mage (D:15)
  12 dancing weapons
  5 two-headed ogres
  2 anacondas (Snake:1)
  2 merfolk aquamancers (Shoals:1)
  A tengu warrior (D:15)
  Urug (D:10)
  A shock serpent (Snake:1)
  An orc high priest (Elf:1)
  12 deep elf knights
  A naga sharpshooter (Snake:1)
  3 unseen horrors
  The ghost of Aphrodieselac the Cleaver, a novice HOFi of Uskayaw (D:6)
  4 skeletal warriors (D:15)
  A naga ritualist (Snake:1)
  2 sea snakes (Shoals:1)
  A wizard (D:15)
  11 deep elf archers
  3 orc knights
  4 lindwurms (Lair:5)
  36 deep elf magi
  2 mana vipers (Snake:1)
  3 fauns (Shoals:1)
  6 orc sorcerers (Orc:2)
  5 ugly things
  4 oklob plants (Lair:3)
  5 cyclopes
  5 manticores
  A centaur zombie (D:12)
  3 merfolk sirens (Shoals:1)
  2 guardian serpents (Snake:1)
  11 elephants
  9 black mambas
  A torpor snail (Lair:5)
  A water nymph (Shoals:1)
  8 spiny frogs
  4 gargoyles
  3 naga magi (Snake:1)
  An ice statue (IceCv)
  An efreet (D:14)
  3 kobold demonologists
  3 rime drakes
  10 freezing wraiths (IceCv)
  8 komodo dragons
  A meliai (shapeshifter) (D:14)
  4 polar bears (Lair:6)
  A tengu conjurer (D:15)
  6 merfolk (Shoals:1)
  4 trolls
  7 hornets
  A wind drake (Shoals:1)
  13 dream sheep
  A wolf spider simulacrum (IceCv)
  A meliai zombie (D:15)
  A slime creature (Lair:6)
  A hippogriff (shapeshifter) (D:13)
  20 blink frogs
  14 hippogriffs
  A snapping turtle (Shoals:1)
  16 spriggans
  2 air elementals (Elf:1)
  46 yaks
  5 water elementals
  4 wraiths
  3 fire elementals
  2 hogs (Shoals:2)
  6 basilisks
  A human (shapeshifter) (D:12)
  8 wyverns
  3 hungry ghosts
  9 wargs
  The ghost of llamajesus the Sneak, an amateur OpAs (D:3)
  A steam dragon (D:11)
  A vampire mosquito (D:12)
  17 nagas
  2 acid dragons
  2 hell hounds (D:14)
  3 soldier ants
  23 orc warriors
  7 water moccasins
  6 black bears
  10 porcupines
  7 ice beasts
  6 phantoms
  6 sky beasts
  3 necrophages
  A hornet zombie (D:13)
  7 ogres
  4 boggarts (Lair:6)
  25 wolves
  17 crocodiles
  6 centaurs
  4 big kobolds
  Blork the orc (D:5)
  18 bullfrogs
  A gnoll sergeant (D:7)
  3 scorpions
  2 elephant simulacra (IceCv)
  A swamp dragon simulacrum (IceCv)
  14 killer bees
  3 electric eels
  4 howler monkeys
  11 crimson imps
  6 draconian simulacra (IceCv)
  5 hounds
  A bullfrog zombie (D:12)
  4 centaur skeletons
  7 jellies
  45 orc wizards
  21 orc priests
  2 bullfrog skeletons
  5 iguanas
  A spriggan simulacrum (IceCv)
  8 worker ants
  3 centaur simulacra (IceCv)
  A hound zombie (D:8)
  8 gnolls
  A howler monkey skeleton (D:10)
  9 adders
  5 naga simulacra (IceCv)
  2 ogre simulacra (IceCv)
  4 shadow imps
  12 white imps (IceCv)
  2 oozes
  2 adder skeletons
  2 dart slugs (D:2)
  5 worms
  5 leopard geckos
  107 orcs
  A ball python (D:3)
  3 giant cockroaches
  7 hobgoblins
  12 jackals
  3 quokkas
  10 bats
  2 frilled lizards
  8 goblins
  26 kobolds
  A leopard gecko zombie (D:5)
  A quokka skeleton (D:5)
  4 rats
  5 bushes (D:15)
  2 crawling corpses (Elf:1)
  6 fungi
  10 plants
1009 creatures vanquished.

Vanquished Creatures (collateral kills)
  An orc warlord (Orc:2)
  Louise (D:15)
  A catoblepas (D:14)
  2 two-headed ogres (D:15)
  A deep elf knight (Elf:1)
  4 deep elf archers
  A necromancer (IceCv)
  3 deep elf magi (Elf:1)
  A cyclops (D:15)
  5 ugly things (D:15)
  A manticore (D:15)
  A troll (D:15)
  6 hippogriffs (D:14)
  5 wyverns
  3 yaks (D:10)
  4 basilisks
  A warg (Orc:2)
  A porcupine (D:10)
  An ice beast (D:10)
  A sky beast (D:10)
  5 orc warriors
  3 ogres
  A centaur (D:7)
  A crocodile (D:10)
  An orc priest (D:8)
  A jelly (D:10)
  5 orc wizards (Orc:2)
  A troll simulacrum (IceCv)
  A centaur simulacrum (IceCv)
  A hound skeleton (D:10)
  An adder (D:7)
  A naga simulacrum (IceCv)
  2 orcs (Orc:2)
68 creatures vanquished.

Vanquished Creatures (others)
  3 deep elf knights
  An unseen horror (shapeshifter) (Elf:2)
  2 deep elf archers (Elf:2)
  A deep elf mage (Elf:2)
  2 humans (Shoals:2)
  A water elemental (Elf:2)
  A centaur skeleton (D:5)
  2 orc wizards (Orc:2)
  5 orcs
  22 bushes
  8 fungi
  11 plants
59 creatures vanquished.

Grand Total: 1136 creatures vanquished

Notes
Turn   | Place    | Note
-------+----------+-------------------------------------------
     0 | D:1      | robertstho the Minotaur Berserker began the quest for the Orb.
     0 | D:1      | Reached XP level 1. HP: 19/19 MP: 0/0
   227 | D:1      | Reached skill level 4 in Axes
   233 | D:1      | Reached XP level 2. HP: 22/27 MP: 1/1
   753 | D:2      | Reached XP level 3. HP: 33/33 MP: 2/2
  1060 | D:2      | Reached ** piety under Trog
  1600 | D:3      | Reached XP level 4. HP: 29/41 MP: 3/3
  1620 | D:3      | Found a glowing silver altar of Zin.
  1621 | D:3      | Found a sacrificial altar of Ru.
  1652 | D:3      | Noticed llamajesus's ghost (amateur OpAs)
  1656 | D:3      | Killed llamajesus's ghost
  1656 | D:3      | Reached skill level 5 in Fighting
  1656 | D:3      | Reached skill level 5 in Axes
  1656 | D:3      | Reached XP level 5. HP: 48/48 MP: 4/4
  1660 | D:3      | Reached skill level 6 in Axes
  2550 | D:4      | Reached XP level 6. HP: 56/56 MP: 5/5
  2711 | D:4      | Reached *** piety under Trog
  2712 | D:4      | Reached skill level 7 in Axes
  3098 | D:4      | Found a shattered altar of Ashenzari.
  3209 | D:4      | Reached skill level 1 in Stealth
  3213 | D:4      | Reached XP level 7. HP: 55/62 MP: 6/6
  3356 | D:5      | Entered Level 5 of the Dungeon
  3356 | D:5      | Found a radiant altar of Vehumet.
  3390 | D:5      | Reached skill level 8 in Axes
  3550 | D:5      | Noticed Blork the orc
  3570 | D:5      | Killed Blork the orc
  3570 | D:5      | Reached skill level 9 in Axes
  3955 | D:5      | Found a shimmering altar of Xom.
  4084 | D:6      | Found a bloodstained altar of Trog.
  4096 | D:6      | Reached XP level 8. HP: 43/71 MP: 7/7
  4135 | D:6      | Noticed Aphrodieselac's ghost (novice HOFi)
  4143 | D:6      | Killed Aphrodieselac's ghost
  4143 | D:6      | Reached skill level 10 in Axes
  4383 | D:6      | Reached skill level 11 in Axes
  4435 | D:6      | Found an ornate altar of the Wu Jian Council.
  4517 | D:6      | Found Zoprec's Weapon Emporium.
  4525 | D:6      | Bought a +1 war axe of flaming for 133 gold pieces
  5231 | D:7      | Found a staircase to the Ecumenical Temple.
  5240 | D:7      | Noticed a hippogriff
  5243 | D:7      | Reached XP level 9. HP: 81/81 MP: 8/8
  5270 | D:7      | Reached **** piety under Trog
  5277 | D:7      | HP: 4/81 [ogre/giant club (20)]
  5669 | D:7      | Reached skill level 12 in Axes
  5901 | D:7      | Reached skill level 5 in Armour
  6713 | D:8      | Reached skill level 13 in Axes
  6883 | D:8      | Reached XP level 10. HP: 90/91 MP: 9/9
  7401 | D:9      | Reached ***** piety under Trog
  7444 | D:9      | Found an ancient bone altar of Kikubaaqudgha.
  7582 | D:9      | Reached skill level 10 in Fighting
  7750 | D:10     | Entered Level 10 of the Dungeon
  7750 | D:10     | Noticed Urug
  7768 | D:10     | Killed Urug
  7768 | D:10     | Reached skill level 14 in Axes
  7771 | D:10     | Noticed Fannar
  7777 | D:10     | Received a gift from Trog
  7799 | D:10     | Noticed Gastronok
  7799 | D:10     | Noticed a two-headed ogre
  7809 | D:10     | Killed a two-headed ogre
  7809 | D:10     | HP: 6/141 [Gastronok/the air (21)]
  7811 | D:10     | Killed Gastronok
  7811 | D:10     | Reached XP level 11. HP: 7/102 MP: 10/10
  8093 | D:10     | Noticed a catoblepas
  8146 | D:10     | Found Ydiatey's Assorted Antiques.
  8163 | D:10     | Reached skill level 15 in Axes
  8171 | D:10     | Killed Fannar
  8420 | D:10     | Bought a potion of curing for 81 gold pieces
  8420 | D:10     | Bought a scroll of identify for 54 gold pieces
  8443 | D:10     | Found a staircase to the Lair.
  8495 | D:10     | Found a staircase to the Orcish Mines.
  8545 | D:10     | Killed a catoblepas
  8760 | D:10     | Reached skill level 16 in Axes
  8804 | D:10     | Noticed a centaur warrior
  8811 | D:10     | Killed a centaur warrior
  8918 | D:10     | Found a basalt altar of Yredelemnul.
  8969 | D:11     | Noticed a centaur warrior
  8975 | D:11     | Killed a centaur warrior
  9629 | D:11     | Reached XP level 12. HP: 113/113 MP: 11/11
  9675 | D:11     | Received a gift from Trog
  9764 | D:11     | Found a shadowy altar of Dithmenos.
  9947 | D:12     | Reached skill level 17 in Axes
 10186 | D:12     | Noticed a yaktaur captain
 10200 | D:12     | Killed a yaktaur captain
 10218 | D:12     | Reached skill level 18 in Axes
 10933 | D:13     | Noticed a centaur warrior
 10943 | D:13     | Killed a centaur warrior
 11108 | D:13     | Noticed Nessos
 11118 | D:13     | Killed Nessos
 11126 | D:13     | Reached XP level 13. HP: 74/124 MP: 12/12
 11519 | D:14     | Received a gift from Trog
 11607 | D:14     | Reached skill level 19 in Axes
 11843 | D:14     | Found Ohucseimp's Assorted Antiques.
 11893 | D:14     | Reached skill level 10 in Armour
 12213 | D:14     | Found a gate to the Vaults.
 12361 | D:15     | Entered Level 15 of the Dungeon
 12370 | D:15     | Received a gift from Trog
 12418 | D:15     | Reached skill level 20 in Axes
 12529 | D:15     | Noticed Louise
 12554 | D:15     | Reached XP level 14. HP: 44/133 MP: 13/13
 12556 | D:15     | Found a frozen archway.
 12565 | IceCv    | Entered an ice cave
 12910 | IceCv    | Reached skill level 15 in Fighting
 13118 | IceCv    | Found an ancient bone altar of Kikubaaqudgha.
 13238 | IceCv    | Received a gift from Trog
 13534 | IceCv    | Received a gift from Trog
 13739 | D:15     | Killed Louise
 13783 | D:15     | Found a glowing golden altar of the Shining One.
 13812 | D:15     | Reached skill level 21 in Axes
 13815 | D:15     | Found a staircase to the Depths.
 14214 | D:15     | Found Ifriyross's Food Emporium.
 14653 | Orc:1    | Entered Level 1 of the Orcish Mines
 14976 | Orc:2    | Entered Level 2 of the Orcish Mines
 14976 | Orc:2    | Noticed Rupert
 14988 | Orc:2    | Killed Rupert
 15517 | Orc:2    | Found Notaon's Magic Scroll Emporium.
 15540 | Orc:2    | Found Sitaopes's Food Boutique.
 15545 | Orc:2    | Received a gift from Trog
 15550 | Orc:2    | Reached skill level 1 in Shields
 15609 | Orc:2    | Bought a scroll of identify for 36 gold pieces
 15609 | Orc:2    | Bought a scroll of teleportation for 54 gold pieces
 15609 | Orc:2    | Bought a scroll of identify for 36 gold pieces
 15609 | Orc:2    | Bought a scroll of identify for 36 gold pieces
 15609 | Orc:2    | Bought a scroll of identify for 36 gold pieces
 15609 | Orc:2    | Bought a scroll of identify for 36 gold pieces
 15609 | Orc:2    | Bought a scroll of vulnerability for 135 gold pieces
 15609 | Orc:2    | Bought a scroll of identify for 36 gold pieces
 15609 | Orc:2    | Bought a scroll of identify for 36 gold pieces
 15609 | Orc:2    | Bought a scroll of teleportation for 54 gold pieces
 15619 | Orc:2    | Identified a scroll of acquirement
 15622 | Orc:2    | Got a smoking ivory ring
 15624 | Orc:2    | Identified the ring of the Present {+Inv rN+ SInv} (You acquired it on level 2 of the Orcish Mines)
 15745 | Orc:2    | Found a roughly hewn altar of Beogh.
 15812 | Orc:2    | Noticed an orc warlord
 15821 | Orc:2    | Killed an orc warlord
 16084 | Orc:2    | Found Nuryqec's Jewellery Boutique.
 16084 | Orc:2    | Found Ylit's Book Emporium.
 16123 | Orc:2    | Found a staircase to the Elven Halls.
 16431 | Elf:1    | Entered Level 1 of the Elven Halls
 16673 | Elf:1    | Noticed Roxanne
 16689 | Elf:1    | Killed Roxanne
 16689 | Elf:1    | Received a gift from Trog
 16689 | Elf:1    | Reached skill level 22 in Axes
 16890 | Elf:1    | HP: 2/136 [deep elf archer/arrow (8)]
 17351 | Lair:1   | Entered Level 1 of the Lair of Beasts
 17418 | Lair:1   | Reached XP level 15. HP: 143/143 MP: 14/14
 18368 | Lair:2   | Received a gift from Trog
 18431 | Lair:2   | Noticed Harold
 18446 | Lair:2   | Killed Harold
 18923 | Lair:3   | Found a staircase to the Snake Pit.
 19286 | Lair:3   | Received a gift from Trog
 19527 | Lair:3   | Found a staircase to the Shoals.
 20364 | Lair:4   | Reached skill level 23 in Axes
 21659 | Lair:5   | Got an ancient chain mail
 21674 | Lair:5   | Identified the +7 chain mail "Fassaups" {rN+ Str+2 Stlth-} (You found it on level 5 of the Lair of Beasts)
 21816 | Lair:6   | Entered Level 6 of the Lair of Beasts
 22025 | Lair:6   | Received a gift from Trog
 22302 | Lair:6   | Got an encrusted war axe
 22303 | Lair:6   | Identified the +9 war axe of Ynyin {elec, Dex+2} (You found it on level 6 of the Lair of Beasts)
 22375 | Lair:6   | Reached XP level 16. HP: 143/156 MP: 15/15
 22397 | Lair:6   | Found a staircase to the Slime Pits.
 23680 | Snake:1  | Entered Level 1 of the Snake Pit
 23794 | Snake:1  | Received a gift from Trog
 24619 | Shoals:1 | Entered Level 1 of the Shoals
 24905 | Shoals:1 | Reached skill level 24 in Axes
 25002 | Shoals:1 | Reached skill level 5 in Dodging
 25286 | Shoals:1 | Noticed Aizul
 25305 | Shoals:1 | Killed Aizul
 25318 | Shoals:1 | HP: 6/157 [drowned by a drowned soul[a merfolk avatar] (13)]
 25381 | Shoals:1 | Received a gift from Trog
 25998 | Shoals:2 | Noticed Kirke
 26009 | Shoals:2 | Killed Kirke
 27003 | Elf:1    | Reached skill level 5 in Shields
 27575 | Elf:1    | Reached XP level 17. HP: 166/166 MP: 16/16
 27913 | Elf:2    | Received a gift from Trog
 27969 | Elf:2    | Got a warped battleaxe {god gift}
 27991 | Elf:2    | Identified the +11 battleaxe of Plunder {distort, +Rage Int+7 Dex+5} (Trog gifted it to you on level 2 of the Elven Halls)
 28748 | Elf:2    | Found a huge runed gate.
 28748 | Elf:2    | Found a huge runed gate.
 28748 | Elf:2    | Found a huge runed gate.
 28748 | Elf:2    | Found a huge runed gate.
 28748 | Elf:2    | Found a huge runed gate.
 28949 | Elf:2    | Received a gift from Trog
 28950 | Elf:2    | Found the +14 obsidian axe {chop, +Fly SInv *Curse}
 28966 | Elf:2    | Shot with an arrow by a deep elf archer

Skill      XL: |  1  2  3  4  5  6  7  8  9 10 11 12 13 14 15 16 17 |
---------------+----------------------------------------------------+-----
Axes           | 4 5 6 7 9 11 13 14 16 18 20 22 23 24 | 24.6
Fighting       | 4 5 6 7 9 11 12 14 15 17 18 19 | 19.3
Dodging        | 3 4 5 |  5.4
Stealth        | 1 2 |  2.0
Armour         | 3 4 6 8 9 10 11 12 13 | 13.7
Shields        | 1 5 7 |  7.3

Action                   |  1- 3 |  4- 6 |  7- 9 | 10-12 | 13-15 | 16-18 || total
-------------------------+-------+-------+-------+-------+-------+-------++-------
Melee: Hand axe          |    79 |    92 |    73 |       |       |       ||   244
       Headbutt          |    13 |    19 |    42 |    99 |   214 |    85 ||   472
       War axe           |       |       |   168 |   276 |   214 |   318 ||   976
       Executioner's axe |       |       |       |   138 |   705 |    74 ||   917
       Battleaxe         |       |       |       |       |       |    48 ||    48
Invok: Berserk           |     1 |     2 |     5 |     6 |    10 |     6 ||    30
       Brothers in Arms  |       |       |     2 |     2 |    12 |     2 ||    18
       Trog's Hand       |       |       |     1 |     1 |     9 |     5 ||    16
       Burn Spellbooks   |       |       |       |     2 |     5 |     2 ||     9
Evoke: Wand              |       |       |       |       |     3 |       ||     3
  Use: Scroll            |     4 |     3 |     4 |     5 |    21 |     7 ||    44
       Potion            |       |       |     4 |     1 |    10 |    10 ||    25
 Stab: Distracted        |       |       |       |       |     2 |       ||     2
  Eat: Ration            |     1 |       |     3 |     2 |     7 |     5 ||    18
       Chunk             |       |     6 |    12 |    20 |    32 |    11 ||    81
Armor: Animal skin       |    16 |     4 |       |       |       |       ||    20
       Plate armour      |       |    30 |   124 |   286 |   522 |       ||   962
       Chain mail        |       |       |       |       |    73 |   190 ||   263
Dodge: Dodged            |    50 |    30 |   109 |   184 |   365 |   143 ||   881
Block: Other             |       |       |     3 |    29 |    57 |    12 ||   101
       Reflection        |       |       |       |     1 |     5 |    64 ||    70
       Large shield      |       |       |       |       |       |   227 ||   227
